 Dungeon Crawl Stone Soup version 0.27.1-3-gb3d3a73c9e (webtiles) character file.

Game seed: 3532231387445095060

89 Cykl0x the Shield-Bearer (level 4, 0/40 HPs)
             Began as a Minotaur Fighter on Oct 10, 2021.
             Was a Follower of Zin.
             Slain by Grinder (1 damage)
             ... while paralysed by Grinder
             ... on level 3 of the Dungeon.
             The game lasted 00:02:40 (1602 turns).

Cykl0x the Shield-Bearer (Minotaur Fighter)         Turns: 1602, Time: 00:02:40

Health: 0/40       AC:  7    Str: 21    XL:     4   Next: 31%
Magic:  3/3        EV:  2    Int:  5    God:    Zin [*.....]
Gold:   99         SH:  0    Dex: 10    Spells: 3/3 levels left

rFire    . . .     SeeInvis .   a - +0 long sword
rCold    . . .     Faith    .   c - +0 kite shield
rNeg     . . .     Spirit   .   b - +0 scale mail
rPois    .         Reflect  .   (helmet restricted)
rElec    .         Harm     .   (no cloak)
rCorr    .         Rampage  .   (no gloves)
Will     .....                  (no boots)
Stlth    ..........             (no amulet)
HPRegen  0.13/turn              (no ring)
MPRegen  0.08/turn              (no ring)

@: paralysed, mighty
A: horns 2, retaliatory headbutt
a: Renounce Religion, Recite, Donate Gold


You were on level 3 of the Dungeon.
You worshipped Zin.
Zin was aware of your devotion.
You visited 1 branch of the dungeon, and saw 3 of its levels.

You collected 110 gold pieces.
You donated 11 gold pieces to Zin.

Inventory:

Hand Weapons
 a - a +0 long sword (weapon)
 j - a +2 dagger of venom
Missiles
 e - 33 stones (quivered)
 i - 16 poisoned darts
Armour
 b - a +0 scale mail (worn)
 c - a +0 kite shield (worn)
Scrolls
 k - 2 scrolls of magic mapping
 l - a scroll of amnesia
Potions
 f - a potion of invisibility
 g - 2 potions of heal wounds {unknown}
 h - a potion of berserk rage {unknown}
 m - a potion of mutation {unknown}
 n - a potion of curing {unknown}
 o - a potion of degeneration {unknown}


   Skills:
 + Level 4.2 Fighting
 + Level 3.2 Long Blades
 + Level 0.8 Throwing
 + Level 4.3 Armour
 + Level 0.2 Dodging
 + Level 4.5 Shields
 * Level 0.2 Invocations


You had 3 spell levels left.
You didn't know any spells.
Your spell library contained the following spells:

 Spells                   Type           Power      Damage    Failure   Level
 Stone Arrow              Conj/Erth      0%         3d7       100%        3
 Animate Armour           Summ/Erth      0%         N/A       100%        4
 Lehudib's Crystal Spear  Conj/Erth      0%         10d2      100%        8


Dungeon Overview and Level Annotations

Branches:
Dungeon (3/15)

Altars:
Zin

Annotations:
D:3 1 transporter, Grinder; Kinoniko's ghost, amateur DsBe


Innate Abilities, Weirdness & Mutations

You have a pair of horns on your head.
You reflexively headbutt those who attack you in melee.


Message History

Found a fizzy purple potion.
e - 33 stones (gained 4)
Things that are here:
a +0 whip; a kobold corpse
Found 6 gold pieces.
e - 34 stones (gained 1)
Things that are here:
a +0 whip; a kobold corpse
Found a murky inky potion.
o - a murky inky potion Grinder comes into view.
Grinder shouts!
Grinder blinks!
Grinder moves out of view.
Grinder is nearby!
Grinder is nearby!
You throw a stone. The stone barely misses Grinder.
Grinder blinks!
No target in view!
You feel very mighty all of a sudden. Grinder hits you.
You writhe in agony.
You hit Grinder. You headbutt Grinder!
Grinder is moderately wounded.
Grinder hits you but does no damage. Grinder hits you.
You writhe in agony.
You barely miss Grinder. Your headbutt misses Grinder.
Grinder is moderately wounded.
Grinder hits you.
You hit Grinder. You headbutt Grinder!
Grinder is severely wounded.
Grinder closely misses you. Grinder gestures at you.
You suddenly lose the ability to move!
Grinder hits you but does no damage. Grinder gestures at you.
Pain shoots through your body!
* * * LOW HITPOINT WARNING * * *
Grinder hits you.
* * * LOW HITPOINT WARNING * * *
Grinder hits you.
* * * LOW HITPOINT WARNING * * *
You writhe in agony.
You die...

#.# # #.# #. #.# .# #.#
.# #.# .# #.# .#
#.###############.#
.####.................##
.......###### #.@5.....(
.#####.########.########
.#####..........#
.............####
.###########.# .# #.# .#
#.# .####### #.#
.......# #.#


You could see Grinder.

Vanquished Creatures
  2 adders (D:2)
  2 worms (D:2)
  4 ball pythons
  11 bats
  6 endoplasms
  2 giant cockroaches (D:1)
  5 goblins
  4 hobgoblins
  7 jackals (D:1)
  8 kobolds
  A quokka (D:1)
  5 frilled lizards
  6 rats
63 creatures vanquished.

Notes
Turn   | Place    | Note
-------+----------+-------------------------------------------
     0 | D:1      | Cykl0x the Minotaur Fighter began the quest for the Orb.
     0 | D:1      | Reached XP level 1. HP: 19/19 MP: 0/0
    52 | D:1      | Reached XP level 2. HP: 18/27 MP: 1/1
   484 | D:1      | Reached XP level 3. HP: 30/33 MP: 2/2
  1079 | D:2      | Reached XP level 4. HP: 40/40 MP: 3/3
  1132 | D:2      | Found a glowing silver altar of Zin.
  1145 | D:2      | Became a worshipper of Zin the Law-Giver
  1493 | D:3      | Reached * piety under Zin
  1533 | D:3      | Found a transporter.
  1533 | D:3      | Noticed Kinoniko's ghost (amateur DsBe)
  1582 | D:3      | Noticed Grinder
  1598 | D:3      | Paralysed by Grinder for 5 turns
  1602 | D:3      | HP: 1/40 [Grinder (6)]
  1602 | D:3      | Slain by Grinder

Illustrated notes

Levels and vault maps discovered:
D:1:      saegor_arrival_miasma, layout_basic, grunt_decor_one_mirror,
          st_stairs_2, minmay_cupped
D:2:      layout_rooms, basic_altar, minmay_misc_feat_five
D:3:      minmay_diamond_boxcup, layout_loops_ring, gammafunk_ghost_mausoleum,
          uniq_ijyb, uniq_grinder

Skill      XL: |  1  2  3 |
---------------+----------+-----
Shields        | 4 |  4.5
Armour         | 4 |  4.3
Fighting       | 4 |  4.2
Long Blades    | 3 |  3.2
Throwing       | |  0.8
Dodging        | |  0.2
Invocations    | |  0.2

Action                   |  1- 3 |  4- 6 || total
-------------------------+-------+-------++-------
Melee: Long sword        |    90 |    34 ||   124
       Headbutt          |    14 |     8 ||    22
Throw: Stone             |    45 |    19 ||    64
  Use: Scroll            |     3 |     1 ||     4
       Potion            |       |     1 ||     1
Armor: Scale mail        |    43 |    13 ||    56
Dodge: Dodged            |    33 |     9 ||    42
Block: Kite shield       |    49 |    22 ||    71
       Rpst.: Long sword |     9 |     3 ||    12
